 Dungeon Crawl Stone Soup version 0.25.1-2-g60ff931df9 (webtiles) character file.

Game seed: 5628715944552526220

180 pokeman the Magician (level 5, -2/29 HPs)
             Began as a Deep Elf Wizard on Nov 25, 2020.
             Slain by a worm (9 damage)
             ... on level 3 of the Dungeon.
             The game lasted 00:10:20 (4338 turns).

pokeman the Magician (Deep Elf Wizard)              Turns: 4338, Time: 00:10:21

Health: -2/29      AC:  3    Str:  4    XL:     5   Next: 33%
Magic:  2/15       EV: 11    Int: 24    God:
Gold:   63         SH:  0    Dex: 13    Spells: 5/16 levels left

rFire    . . .     SeeInvis .   p - -2 dagger (curse)
rCold    . . .     Gourm    .   (no shield)
rNeg     . . .     Faith    .   l - +0 leather armour
rPois    .         Spirit   .   b - +0 hat
rElec    .         Reflect  .   a - scarf {repulsion}
rCorr    .         Harm     .   (no gloves)
MR       .....                  (no boots)
Stlth    ++........             (no amulet)
HPRegen  0.09/turn              (no ring)
MPRegen  0.14/turn              (no ring)

@: very slightly contaminated, repel missiles
A: no striking features
a: no special abilities


You were on level 3 of the Dungeon.
You were not hungry.

You visited 1 branch of the dungeon, and saw 3 of its levels.
You also visited: Sewer.

You collected 63 gold pieces.

Inventory:

Hand Weapons
 p - a cursed -2 dagger (weapon)
Missiles
 k - 30 bolts
Armour
 a - a scarf of repulsion (worn)
 b - a +0 hat (worn)
 l - a +0 leather armour (worn)
Scrolls
 c - 2 scrolls of magic mapping {unknown}
 f - a scroll of noise {unknown}
 h - 2 scrolls of enchant armour {unknown}
 j - 3 scrolls of remove curse {unknown}
 m - a scroll of identify {unknown}
 o - a scroll of blinking {unknown}
Potions
 e - 2 potions of might {unknown}
 g - 3 potions of stabbing {unknown}
 i - a potion of brilliance {unknown}
 n - 2 potions of curing {unknown}
 q - a potion of mutation {unknown}
 r - a potion of invisibility {unknown}
Comestibles
 d - 12 rations


   Skills:
 - Level 1.3 Fighting
 - Level 1.3 Armour
 + Level 2.5 Dodging
 - Level 2.6 Stealth
 * Level 6.3 Spellcasting
 + Level 2.6 Conjurations
 - Level 1.1 Summonings
 - Level 1.1 Translocations
 + Level 0.2 Fire Magic


You had 5 spell levels left.
You knew the following spells:

 Your Spells              Type           Power        Failure   Level  Hunger
a - Magic Dart            Conj           ###.         4%          1    None
b - Mephitic Cloud        Conj/Pois/Air  ##......     28%         3    None
c - Call Imp              Summ           ##......     13%         2    None
d - Blink                 Tloc           N/A          13%         2    None
e - Conjure Flame         Conj/Fire      ##......     22%         3    None

Your spell library contained the following spells:

 Spells                   Type           Power        Failure   Level  Hunger
 Slow                     Hex            #.......     21%         2    None


Dungeon Overview and Level Annotations

Branches:
Dungeon (3/15)              Sewer (visited)

Altars:


Message History

The magic dart hits the worm.
The worm is severely wounded.
The worm bites you!
* * * LOW HITPOINT WARNING * * *
Casting: Magic Dart (safe; 4% risk of failure)
Confirm with . or Enter, or press ? or * to list all spells.
Aiming: Magic Dart (safe; 4% risk of failure)
Press: ? - help, Shift-Dir - straight line, f/p - worm
Aim: a worm (heavily wounded)
The magic dart hits the worm.
The worm is severely wounded.
Casting: Magic Dart (safe; 4% risk of failure)
Confirm with . or Enter, or press ? or * to list all spells.
Aiming: Magic Dart (safe; 4% risk of failure)
Press: ? - help, Shift-Dir - straight line, f/p - worm
Aim: a worm (severely wounded)
The magic dart hits the worm.
The worm is almost dead.
The worm bites you!
You die...

...........##J##.#
#
#.####.#####..#.#.#
#.#####.#...#
###.....?....##
#......####.#.#
#......# ##.+
#......# +
#.)w...##.
#.@........
#########.# #


You could see a worm.

Vanquished Creatures
  Purgy (Sewer)
  An ooze (D:3)
  5 worms
  2 dart slugs
  A leopard gecko (D:2)
  12 giant cockroaches
  2 hobgoblins
  9 jackals
  A quokka (D:3)
  A ball python (D:2)
  5 bats
  3 frilled lizards
  4 goblins
  12 kobolds
  3 rats (D:1)
62 creatures vanquished.

Notes
Turn   | Place    | Note
-------+----------+-------------------------------------------
     0 | D:1      | pokeman the Deep Elf Wizard began the quest for the Orb.
     0 | D:1      | Reached XP level 1. HP: 10/10 MP: 7/7
   329 | D:1      | Reached XP level 2. HP: 15/15 MP: 4/9
   333 | D:1      | Reached skill level 5 in Spellcasting
   890 | D:1      | You fall into a shaft and drop 1 floor!
  1439 | D:2      | Reached XP level 3. HP: 19/19 MP: 8/11
  1444 | D:2      | Learned a level 3 spell: Mephitic Cloud
  1447 | D:2      | Learned a level 2 spell: Call Imp
  1450 | D:2      | Learned a level 2 spell: Blink
  1454 | D:2      | Learned a level 3 spell: Conjure Flame
  3490 | D:2      | Reached XP level 4. HP: 24/24 MP: 4/13
  3817 | D:3      | Found a glowing drain.
  3910 | Sewer    | Entered a sewer
  4072 | Sewer    | Noticed Purgy
  4094 | Sewer    | Killed Purgy
  4094 | Sewer    | Reached skill level 1 in Fighting
  4094 | Sewer    | Reached skill level 1 in Armour
  4094 | Sewer    | Reached skill level 6 in Spellcasting
  4094 | Sewer    | Reached XP level 5. HP: 15/29 MP: 7/15
  4338 | D:3      | Slain by a worm

Illustrated notes

Levels and vault maps discovered:
D:1:      dpeg_arrival_tiny_k, layout_basic
D:2:      minmay_roachtagon, layout_basic, first_ration
D:3:      layout_loops_cross, cheibrodos_sewer_entry_sluice, grunt_ministairs_6,
          chequers_jeans, kennysheep_generic_room_12, uniq_ijyb

Skill      XL: |  1  2  3  4 |
---------------+-------------+-----
Spellcasting   | 5 6 |  6.3
Conjurations   | 2 |  2.6
Fighting       | 1 |  1.3
Armour         | 1 |  1.3
Dodging        | |  2.5
Stealth        | |  2.6
Summonings     | |  1.1
Translocations | |  1.1
Fire Magic     | |  0.2

Action                   |  1- 3 |  4- 6 || total
-------------------------+-------+-------++-------
Melee: Unarmed           |    16 |       ||    16
       Mace              |    10 |       ||    10
       Dagger            |       |     4 ||     4
 Cast: Magic Dart        |   166 |    50 ||   216
       Mephitic Cloud    |     1 |     1 ||     2
       Conjure Flame     |       |     1 ||     1
 Stab: Confused          |     2 |       ||     2
  Eat: Chunk             |     8 |     2 ||    10
Armor: Robe              |     9 |       ||     9
       Leather armour    |    11 |    15 ||    26
Dodge: Dodged            |    46 |    26 ||    72
       Repelled          |       |     1 ||     1
